 Dungeon Crawl Stone Soup version 0.30.1-10-g1249ef9ec4 (webtiles) character file.

Game seed: 13862404661914437814

37 fireball365 the Trooper (level 3, -1/33 HPs)
             Began as a Hill Orc Fighter on Oct 26, 2023.
             Frozen to death by an endoplasm (4 damage)
             ... on level 1 of the Dungeon.
             The game lasted 00:01:23 (1024 turns).

fireball365 the Trooper (Hill Orc Fighter)          Turns: 1024, Time: 00:01:23

Health: -1/33      AC:  7    Str: 20    XL:     3   Next: 39%
Magic:  3/3        EV:  9    Int:  8    God:
Gold:   70         SH:  4    Dex: 10    Spells: 2/2 levels left

rFire   . . .        a - +0 war axe
rCold   . . .        c - +0 buckler
rNeg    + . .        b - +0 scale mail
rPois   .            (no helmet)
rElec   .            (no cloak)
rCorr   .            (no gloves)
SInv    .            (no boots)
Will    .....        (no amulet) Stlth
                     j - ring of positive energy
HPRegen 0.25/turn    (no ring)
MPRegen 0.08/turn

%: no passive effects
@: no status effects
A: no striking features
a: no special abilities


You were on level 1 of the Dungeon.
You visited 1 branch of the dungeon, and saw 2 of its levels.

You collected 70 gold pieces.

Inventory:

Hand Weapons
 a - a +0 war axe (weapon)
Armour
 b - a +0 scale mail (worn)
 c - a +0 buckler (worn)
Jewellery
 j - a ring of positive energy (left hand)
 l - a ring of flight
Scrolls
 e - a scroll of amnesia {unknown}
 f - a scroll of blinking {unknown}
 g - a scroll of fog {unknown}
 i - a scroll of teleportation {unknown}
 k - a scroll of brand weapon {unknown}
Potions
 d - a potion of might
 h - a potion of flight {unknown}


   Skills:
 + Level 4.0 Fighting
 + Level 3.1 Axes
 + Level 4.0 Armour
 + Level 3.6 Shields


You had 2 spell levels left.
You didn't know any spells.
Your spell library contained the following spells:

 Spells                   Type           Power      Damage    Failure   Level
 Gell's Gravitas          Tloc           0%         N/A       99%         3
 Teleport Other           Tloc           0%         N/A       99%         3
 Dispersal                Tloc           0%         N/A       100%        6


Dungeon Overview and Level Annotations

Branches:
Dungeon (2/15)

Altars:


Message History

The gnoll is severely wounded.
The gnoll hits you with a +0 whip!
You completely miss the gnoll.
The gnoll is severely wounded.
The gnoll hits you but does no damage.
You hit the gnoll.
You kill the gnoll!
The endoplasm freezes you.
You are frozen.
Your Armour skill increases to level 4!
You barely miss the endoplasm.
A gnoll comes into view. It is wielding a +0 halberd.
The endoplasm freezes you.
You are frozen.
You hit the endoplasm.
The endoplasm is almost dead.
The gnoll hits you from afar with a +0 halberd!
The endoplasm barely misses you.
You barely miss the endoplasm.
The endoplasm is almost dead.
The endoplasm freezes you.
You are frozen.
The gnoll hits you from afar with a +0 halberd.
* * * LOW HITPOINT WARNING * * *
You block the endoplasm's attack. The gnoll hits you but does no damage.
The endoplasm freezes you.
You are frozen.
* * * LOW HITPOINT WARNING * * *
There is a stone staircase leading up here.
You can't go down here!
The endoplasm freezes you.
You are frozen.
* * * LOW HITPOINT WARNING * * *
You climb upwards.
There is a stone staircase leading down here.
You barely miss the endoplasm.
The endoplasm is severely wounded.
The endoplasm freezes you.
You are frozen.
You die...

#....# ####..#
#....# #....##
#....#####.####
#......##..# #
##...#.##.## #
#####.#..# #
#.#.## #
#...##############
#@J.............##
#######
###############.##
#.....# #..#
#.....# ########
##.. #.....#
#......# ###
#.....# #.####.#
####### #.....#
#.# #.#
#.....######
#.....# #.# #.#
#.....#.....
#.....# #.#
#.###.....#(....


You could see an endoplasm.

Vanquished Creatures
  A gnoll (D:2)
  2 dart slugs (D:1)
  3 endoplasms (D:1)
  3 goblins (D:1)
  4 hobgoblins (D:1)
  A kobold (D:1)
  A quokka (D:1)
  2 ball pythons (D:1)
  A frilled lizard (D:1)
  3 rats (D:1)
21 creatures vanquished.

Notes
Turn   | Place    | Note
-------+----------+-------------------------------------------
     0 | D:1      | fireball365 the Hill Orc Fighter began the quest for the
                  | Orb.
     0 | D:1      | Reached XP level 1. HP: 19/19 MP: 1/1
   127 | D:1      | Reached XP level 2. HP: 17/27 MP: 2/2
   705 | D:1      | Reached XP level 3. HP: 31/33 MP: 3/3
  1024 | D:1      | Frozen to death by an endoplasm

Illustrated notes

Levels and vault maps discovered:
D:1:      lightli_arrival_windingriver, layout_basic
D:2:      layout_loops_corners, serial_shops, shop, basic_altar

Skill      XL: |  1  2  3 |
---------------+----------+-----
Fighting       | 4 |  4.0
Axes           | 3 |  3.1
Armour         | 4 |  4.0
Shields        | |  3.6

Action                     || total
---------------------------++-------
  Melee: War axe           ||    62
 Armour: Scale mail        ||    27
  Dodge: Dodged            ||    32
  Block: Buckler           ||    18
